 Dungeon Crawl Stone Soup version 0.26-a0-259-g1effd001a9 (webtiles) character file.

Game seed: 15728689025932214591

53 sanka the Sneak (level 4, -4/29 HPs)
             Began as a Halfling Brigand on July 19, 2020.
             Slain by a gnoll
             ... wielding a +0 whip
              (5 damage)
             ... on level 1 of the Dungeon.
             The game lasted 00:02:17 (1370 turns).

sanka the Sneak (Halfling Brigand)                  Turns: 1370, Time: 00:02:18

Health: -4/29      AC:  3    Str: 12    XL:     4   Next: 10%
Magic:  4/4        EV: 15    Int:  9    God:
Gold:   99         SH:  0    Dex: 16    Spells: 3/3 levels left

rFire    . . .     SeeInvis .   a - +2 dagger
rCold    . . .     Faith    .   (shield restricted)
rNeg     . . .     Spirit   .   b - +0 robe
rPois    .         Reflect  .   (no helmet)
rElec    .         Harm     .   c - +0 cloak
rCorr    .                      (no gloves)
MR       .....                  (no boots)
Stlth    +++.......             (no amulet)
HPRegen  0.09/turn              j - ring of flight
MPRegen  0.09/turn              (no ring)

@: no status effects
A: small, mutation resistance 1
a: Evoke Flight


You were on level 1 of the Dungeon.
You were not hungry.

You visited 1 branch of the dungeon, and saw 2 of its levels.

You collected 99 gold pieces.


Innate Abilities, Weirdness & Mutations

You are small and have problems with some larger weapons.
You are somewhat resistant to further mutation.


   Skills:
 - Level 2.0 Fighting
 - Level 3.0 Short Blades
 + Level 2.7 Throwing
 - Level 2.0 Dodging
 + Level 4.9 Stealth


You had 3 spell levels left.
You didn't know any spells.
Your spell library was empty.

Inventory:

Hand Weapons
 a - a +2 dagger (weapon)
 k - a +0 dagger of pain
Missiles
 d - 7 poisoned darts (quivered)
 e - 2 curare-tipped darts {=f}
Armour
 b - a +0 robe (worn)
 c - a +0 cloak (worn)
Jewellery
 j - a ring of flight (left hand)
Scrolls
 g - a scroll of remove curse {unknown}
 h - 6 scrolls of identify {unknown}
Potions
 i - a potion of magic {unknown}
Comestibles
 f - 5 rations

Dungeon Overview and Level Annotations

Branches:
Dungeon (2/15)

Altars:

▒..▒.▒▒▒......▒
▒▒▒....▒........▒ ▒▒▒▒▒▒▒▒
.......▒.▒▒▒[...▒▒▒▒▒▒......▒
.........▒..............▒▒▒.▒
.........▒.▒▒▒..........▒ ▒)▒
...........▒...▒........▒ ▒.▒
...........▒.▒▒▒........▒ ▒.▒
.............▒▒▒........▒ ▒.▒
............+...p.......▒▒▒.▒
▒▒▒▒........▒▒▒▒g.........▒.▒
▒........▒ ▒.▒▒▒...▒..▒.▒
▒▒▒▒▒▒▒▒▒▒ ▒.▒ ▒........▒
▒▒▒▒▒▒▒▒▒ ▒.▒ ▒.▒▒▒▒▒▒▒▒
.....[..▒ ▒.▒▒▒.▒▒▒▒▒▒▒
........▒▒▒▒▒▒▒▒....)......▒
......................(....▒
...............▒...........▒


You could see a gnoll (poisoned).


Message History

You barely miss the gnoll.
The gnoll is severely wounded.
The gnoll hits you with a +0 whip.
You barely miss the gnoll.
The gnoll is severely wounded.
The gnoll hits you from afar with a +0 spear!
* * * LOW HITPOINT WARNING * * *
The gnoll barely misses you.
You barely miss the gnoll.
The gnoll is heavily wounded.
The gnoll barely misses you. The gnoll hits you with a +0 whip.
* * * LOW HITPOINT WARNING * * *
A bat comes into view.
The bat moves out of view.
You see here a kobold corpse.
You see here a frilled lizard skeleton.
There is a stone staircase leading up here.
The gnoll hits you with a +0 whip.
* * * LOW HITPOINT WARNING * * *
You climb upwards.
There is a stone staircase leading down here.
Throwing (i - inventory. (/) - cycle)
d - 8 poisoned darts (quivered)
Aim: a gnoll, wielding a +0 whip (heavily wounded)
You throw a poisoned dart. The poisoned dart hits the gnoll.
The gnoll is poisoned.
The gnoll is heavily wounded.
The gnoll hits you with a +0 whip.
You die...

Action                   |  1- 3 |  4- 6 || total
-------------------------+-------+-------++-------
Melee: Dagger            |   100 |     7 ||   107
Throw: Dart              |       |     1 ||     1
 Stab: Sleeping          |    12 |       ||    12
  Eat: Ration            |     1 |       ||     1
Armor: Robe              |    23 |       ||    23
Dodge: Dodged            |    80 |     9 ||    89

Levels and vault maps discovered:
D:1:      psy_arrival_statuary, layout_basic, hangedman_abyss_or_decor_stabs
D:2:      layout_basic

Notes
Turn   | Place    | Note
-------+----------+-------------------------------------------
     0 | D:1      | sanka the Halfling Brigand began the quest for the Orb.
     0 | D:1      | Reached XP level 1. HP: 14/14 MP: 1/1
   113 | D:1      | Reached XP level 2. HP: 19/19 MP: 2/2
   231 | D:1      | Reached skill level 2 in Fighting
   500 | D:1      | Reached XP level 3. HP: 18/24 MP: 3/3
  1002 | D:2      | Reached skill level 3 in Short Blades
  1083 | D:2      | Reached skill level 2 in Dodging
  1332 | D:2      | Reached XP level 4. HP: 29/29 MP: 4/4
  1368 | D:2      | HP: 1/29 [gnoll/+0 whip (6)]
  1370 | D:1      | Slain by a gnoll

Vanquished Creatures
  A gnoll (D:2)
  A worm (D:2)
  A dart slug (D:1)
  A leopard gecko (D:1)
  A giant cockroach (D:1)
  2 goblins (D:1)
  6 hobgoblins
  8 jackals (D:1)
  A ball python (D:1)
  5 bats
  2 frilled lizards
  4 kobolds
  3 rats (D:1)
36 creatures vanquished.
